 Dungeon Crawl Stone Soup version 0.21-a0-630-g344d351 (webtiles) character file.

6681 XomBae the Grappler (level 10, -14/117 HPs)
             Began as a Troll Chaos Knight on Dec 26, 2017.
             Demolished by Snorg (16 damage)
             ... on level 10 of the Dungeon.
             The game lasted 00:12:09 (8067 turns).

XomBae the Grappler (Troll Chaos Knight)            Turns: 8067, Time: 00:12:10

Health: -14/117    AC: 16    Str: 25      XL:     10   Next: 73%
Magic:  9/9        EV:  9    Int: 12      God:    Xom [......]
Gold:   1202       SH:  0    Dex:  5 (9)  Spells: 9/9 levels left

rFire    . . .     SeeInvis .     - Unarmed
rCold    . . .     Gourm    +   (no shield)
rNeg     . . .     Faith    .   a - +2 robe
rPois    .         Spirit   .   e - +2 hat
rElec    .         Reflect  .   i - +2 cloak
rCorr    .         Harm     .   (gloves unavailable)
MR       .....                  (boots unavailable)
Stlth    +.........             y - amulet of the gourmand
HPRegen  0.69/turn              G - +3 ring of slaying
MPRegen  0.11/turn              q - +2 ring of protection

@: about to teleport
A: large, unfitting armour, claws 3, horns 1, thin metallic scales 1, blink,
clever 2, deterioration 1, fast metabolism 3, gourmand, regeneration 1, robust
1, shaggy fur 1, tough skin 2
a: Blink, Renounce Religion


You were on level 10 of the Dungeon.
You worshipped Xom.
You were a very special plaything of Xom.
You were not hungry.

You visited 1 branch of the dungeon, and saw 10 of its levels.

You collected 1202 gold pieces.

Inventory:

Armour
 a - a +2 robe (worn)
 e - a +2 hat (worn)
 i - a +2 cloak (worn)
Jewellery
 g - an uncursed ring of fire
 k - an uncursed ring of resist corrosion
 l - an uncursed ring of magical power
 o - an uncursed ring of stealth
 q - a +2 ring of protection (right claw)
 y - an amulet of the gourmand (around neck)
 z - a +4 ring of strength
 G - a +3 ring of slaying (left claw)
 H - an uncursed ring of teleportation
Wands
 v - a wand of flame (17)
 x - a wand of enslavement (20)
 C - a wand of scattershot (5)
Scrolls
 c - 2 scrolls of fog
 d - 4 scrolls of remove curse
 f - 3 scrolls of amnesia
 p - 3 scrolls of teleportation
 s - a scroll of magic mapping
 B - a scroll of vulnerability
 F - a scroll of enchant weapon
Potions
 h - a potion of flight
 j - a potion of lignification
 m - a potion of might
 n - 3 potions of magic
 r - a potion of brilliance {unknown}
 t - 2 potions of ambrosia {unknown}
 u - a potion of cancellation
 w - a potion of heal wounds {unknown}
 A - a potion of curing
 E - a potion of haste {unknown}
Comestibles
 b - 15 rations


   Skills:
 + Level 9.2 Fighting
 - Level 1.9 Dodging
 + Level 12.7 Unarmed Combat


You had 9 spell levels left.
You didn't know any spells.

Dungeon Overview and Level Annotations

Branches:
Dungeon (10/15)            Temple (0/1) D:4
   Lair: D:8-11         Orc: D:9-12

Altars:
Gozag
Kikubaaqudgha
Makhleb
Nemelex Xobeh
Qazlal
Ru
Uskayaw
Wu Jian
Xom
Zin
The Shining One

Annotations:
D:10 Snorg


Innate Abilities, Weirdness & Mutations

You are too large for most types of armour.
You have claws for hands.
Your metabolism is lightning-fast.
You like to eat raw meat.
Your natural rate of healing is unusually fast.
You are covered in fur. (AC +1)
You have very tough skin. (AC +2)
You have a pair of small horns on your head.
You are partially covered in thin metallic scales. (AC +2)
You can translocate small distances at will.
Your mind is very acute. (Int +4)
Your body sometimes deteriorates upon taking damage.
You are robust. (+10% HP)


Message History

Snorg claws you but does no damage. Snorg barely misses you.
Unknown command.
Unknown command.
As you read the scroll of teleportation, it crumbles to dust.
You feel strangely unstable. Snorg completely misses you. Snorg claws you.
* * * LOW HITPOINT WARNING * * *
Snorg barely misses you. Snorg bites you!
* * * LOW HITPOINT WARNING * * *
Snorg claws you!
* * * LOW HITPOINT WARNING * * *
Snorg claws you.
* * * LOW HITPOINT WARNING * * *
Okay, then.
Unknown command.
Snorg bites you.
* * * LOW HITPOINT WARNING * * *
Snorg claws you!
You die...
Xom roars with laughter!

#########################
.............†...........
........@#.....##.....###
.##....T#.....##.....#
..##..{..#.[..........#
.........#............###
.........................
.###########'######......
.... #...... .....
#...... .......#######


You could see Snorg (berserk).

Vanquished Creatures
  Joseph (D:8)
  A gargoyle (D:9)
  Prince Ribbit (D:8)
  A hornet (D:8)
  A hippogriff (D:7)
  Sigmund (D:4)
  A hungry ghost (D:5)
  A warg (D:10)
  Edmund (D:4)
  2 ice beasts
  2 orc warriors
  A necrophage (D:10)
  5 sky beasts
  5 ogres
  A phantom (D:9)
  4 centaurs
  3 bullfrogs
  2 big kobolds
  A gnoll sergeant (D:3)
  A wyvern zombie (D:6)
  A water moccasin skeleton (D:9)
  5 scorpions
  14 killer bees
  3 crimson imps
  A centaur zombie (D:7)
  4 jellies
  2 orc priests
  A bullfrog skeleton (D:4)
  3 hounds
  8 orc wizards
  3 gnoll shamans (D:3)
  3 iguanas
  8 worker ants
  A hound zombie (D:5)
  Robin (D:2)
  40 gnolls (D:3)
  11 adders
  7 oozes
  2 adder zombies
  2 adder skeletons
  2 worms
  A dart slug (D:2)
  7 leopard geckos
  48 orcs
  A ball python (D:2)
  8 bats
  4 giant cockroaches
  14 goblins
  11 hobgoblins
  25 jackals
  2 quokkas
  3 frilled lizards
  A jackal skeleton (D:5)
  16 kobolds
  15 rats
314 creatures vanquished.

Vanquished Creatures (collateral kills)
  The ghost of Lanoc the Ducker, an amateur TrWn (D:3)
  3 gnolls (D:3)
  3 orcs (D:8)
7 creatures vanquished.

Grand Total: 321 creatures vanquished

Notes
Turn   | Place    | Note
-------+----------+-------------------------------------------
     0 | D:1      | XomBae the Troll Chaos Knight began the quest for the Orb.
     0 | D:1      | Reached XP level 1. HP: 22/22 MP: 0/0
   190 | D:1      | Reached XP level 2. HP: 28/29 MP: 1/1
   284 | D:1      | XOM: potion effect (agility)
   389 | D:1      | XOM: harmless Air miscast
   842 | D:2      | XOM: divination: magic mapping
   938 | D:2      | Reached XP level 3. HP: 36/36 MP: 2/2
   987 | D:2      | Reached skill level 4 in Unarmed Combat
  1021 | D:2      | Noticed Robin
  1035 | D:2      | Killed Robin
  1041 | D:2      | Reached XP level 4. HP: 38/45 MP: 3/3
  1130 | D:2      | XOM: cloud trail
  1354 | D:2      | XOM: silly message
  1371 | D:2      | XOM: mild Tloc miscast
  1619 | D:3      | Reached skill level 5 in Unarmed Combat
  1693 | D:3      | XOM: chaos cloud
  1723 | D:3      | Reached XP level 5. HP: 53/53 MP: 4/4
  1800 | D:3      | XOM is BORED!
  1800 | D:3      | XOM: torment (28/53 hp)
  1815 | D:3      | XOM: 6-stop teleportation journey
  1882 | D:3      | XOM: cloud trail
  2067 | D:3      | Noticed Lanoc's ghost (amateur TrWn)
  2073 | D:3      | XOM: summons 3 friendly demons
  2080 | D:3      | Killed Lanoc's ghost
  2080 | D:3      | Reached skill level 6 in Unarmed Combat
  2080 | D:3      | Reached XP level 6. HP: 39/62 MP: 5/5
  2089 | D:3      | XOM: summons friendly white imp
  2113 | D:3      | XOM: swap monsters
  2267 | D:3      | XOM: harmless Tmut miscast
  2418 | D:3      | XOM: chaos upgrade
  2419 | D:3      | XOM: divination: magic mapping
  2427 | D:3      | XOM: fog
  2428 | D:3      | Reached XP level 7. HP: 68/70 MP: 6/6
  2445 | D:3      | Reached skill level 7 in Unarmed Combat
  2504 | D:3      | XOM: divination: detect creatures
  2629 | D:3      | XOM: god gift: 29 gold pieces
  2929 | D:3      | XOM: god gift: 712 gold pieces
  3063 | D:4      | Found an ancient bone altar of Kikubaaqudgha.
  3066 | D:4      | XOM: divination: detect creatures
  3095 | D:4      | Noticed Sigmund
  3134 | D:3      | XOM: scenery: create altars
  3140 | D:4      | Reached skill level 8 in Unarmed Combat
  3154 | D:4      | Killed Sigmund
  3154 | D:4      | Reached skill level 5 in Fighting
  3154 | D:4      | Reached XP level 8. HP: 80/80 MP: 7/7
  3295 | D:4      | Noticed Edmund
  3308 | D:4      | Killed Edmund
  3487 | D:4      | Reached skill level 9 in Unarmed Combat
  3489 | D:4      | Found a shimmering altar of Xom.
  3491 | D:4      | Found a shimmering altar of Xom.
  3498 | D:4      | Found a shimmering altar of Xom.
  3498 | D:4      | Found a shimmering altar of Xom.
  3500 | D:4      | Found a shimmering altar of Xom.
  3500 | D:4      | Found a shimmering altar of Xom.
  3515 | D:4      | Found a shimmering altar of Xom.
  3586 | D:4      | Found a staircase to the Ecumenical Temple.
  3761 | D:4      | XOM: harmless Air miscast
  3810 | D:4      | Gained mutation: You have a pair of small horns on your head. [potion of mutation]
  3810 | D:4      | Gained mutation: You can translocate small distances at will. [potion of mutation]
  3813 | D:5      | Entered Level 5 of the Dungeon
  3842 | D:5      | XOM: medium Hex miscast
  3864 | D:5      | XOM: 2-stop teleportation journey
  3991 | D:5      | Reached skill level 10 in Unarmed Combat
  4064 | D:5      | Reached XP level 9. HP: 62/89 MP: 8/8
  4076 | D:5      | XOM: enchant monster (good)
  4146 | D:5      | XOM: cleaving
  4315 | D:6      | XOM: harmless Chrm miscast
  4455 | D:6      | Found a sparkling altar of Nemelex Xobeh.
  4580 | D:6      | XOM: divination: detect creatures
  4607 | D:6      | XOM: scenery: create altars
  4641 | D:6      | XOM: fake destruction
  4674 | D:6      | XOM: mild Air miscast
  4757 | D:6      | Found an ornate altar of the Wu Jian Council.
  4826 | D:7      | Found an opulent altar of Gozag.
  4829 | D:7      | XOM: medium Erth miscast
  4831 | D:7      | Found a burning altar of Makhleb.
  4831 | D:7      | Found a glowing silver altar of Zin.
  4835 | D:7      | Found a stormy altar of Qazlal.
  4982 | D:7      | Reached skill level 11 in Unarmed Combat
  5237 | D:7      | Found a glowing golden altar of the Shining One.
  5374 | D:7      | XOM: mild Tloc miscast
  5481 | D:8      | Found a sacrificial altar of Ru.
  5652 | D:8      | Found a hide-covered altar of Uskayaw.
  5695 | D:8      | Noticed Joseph
  5705 | D:8      | XOM: god gift: 24 arrows
  5707 | D:8      | Killed Joseph
  5726 | D:8      | Noticed Prince Ribbit
  5736 | D:8      | Killed Prince Ribbit
  5736 | D:8      | Reached XP level 10. HP: 77/104 MP: 9/9
  5792 | D:8      | XOM: polymorph killer bee -> iguana
  6298 | D:8      | XOM: give mutations
  6298 | D:8      | Gained mutation: You are robust. (+10% HP) [Xom's grace]
  6298 | D:8      | Gained mutation: You are partially covered in thin metallic scales. (AC +2) [Xom's grace]
  6298 | D:8      | Gained mutation: Your mind is acute. (Int +2) [Xom's grace]
  6298 | D:8      | Gained mutation: Your mind is very acute. (Int +4) [Xom's grace]
  6404 | D:8      | XOM: god gift: potion of curing
  6556 | D:8      | XOM: summons 3 friendly demons
  6605 | D:8      | XOM: cloud trail
  6618 | D:8      | XOM: give mutation
  6618 | D:8      | Gained mutation: You are somewhat resistant to further mutation. [Xom's grace]
  6792 | D:9      | XOM: enchant monster (good)
  6800 | D:9      | Reached skill level 12 in Unarmed Combat
  6817 | D:9      | XOM: scenery: create altars
  6840 | D:9      | Noticed a gargoyle
  6841 | D:9      | XOM: harmless Tloc miscast
  6850 | D:9      | Killed a gargoyle
  7090 | D:9      | XOM: summons 1 hostile demon
  7108 | D:9      | XOM: give mutation
  7108 | D:9      | Lost mutation: You are somewhat resistant to further mutation. [Xom's mischief]
  7369 | D:9      | XOM: chaos cloud
  7370 | D:9      | XOM: blink monster(s)
  7445 | D:9      | XOM: give mutation
  7445 | D:9      | Gained mutation: Your body sometimes deteriorates upon taking damage. [Xom's mischief]
  7667 | D:10     | Entered Level 10 of the Dungeon
  7879 | D:10     | XOM: polymorph killer bee -> warg
  8055 | D:10     | Noticed Snorg
  8056 | D:10     | XOM: swap monsters
  8063 | D:10     | XOM: enchant monster (bad)
  8065 | D:10     | HP: 5/117 [Snorg (5)]
  8067 | D:10     | HP: 2/117 [Snorg (4)]
  8067 | D:10     | Demolished by Snorg

Vault maps used:
D:1:      minmay_arrival_cross
D:2:      uniq_robin
D:3:      lemuel_castle_with_subvaults
D:4:      lemuel_doored_altar, minmay_temple_entry_trees, first_ration,
          nicolae_xom_altar_mimics, uniq_edmund, uniq_sigmund
D:6:      nemelex_xobeh_ov_fountains_minmay, marbit_many_paths
D:7:      grunt_temple_overflow_open, overflow_temple_1_default, minivault_23,
          st_stairs_12
D:8:      nicolae_ru_path_of_blood, lemuel_crystal_altar, special_room,
          uniq_joseph, uniq_prince_ribbit1
D:9:      hangedman_little_slice_of_home
D:10:     uniq_grum, uniq_snorg

Skill      XL: |  1  2  3  4  5  6  7  8  9 10 |
---------------+-------------------------------+-----
Unarmed Combat | 4 5 6 8 10 11 12 | 12.7
Fighting       | 3 4 5 6 7 9 |  9.2
Dodging        | |  1.9

Action                   |  1- 3 |  4- 6 |  7- 9 | 10-12 || total
-------------------------+-------+-------+-------+-------++-------
Melee: Unarmed           |    82 |   188 |   363 |   249 ||   882
       Punch             |     1 |     2 |    14 |     7 ||    24
       Headbutt          |       |       |    34 |    24 ||    58
  Use: Potion            |     2 |     5 |     2 |       ||     9
       Scroll            |     1 |     3 |     9 |     7 ||    20
 Stab: Sleeping          |     3 |       |     2 |       ||     5
       Distracted        |       |     1 |       |     1 ||     2
  Eat: Chunk             |     7 |    21 |    33 |    17 ||    78
Armor: Robe              |    45 |   120 |   142 |   218 ||   525
Dodge: Dodged            |    46 |   150 |   155 |   238 ||   589

Table legend:
 A = Spawn XP
 B = Non-spawn XP
 C = Spawn XP percentage of total XP
 D = Spawn monster count
 E = Non-spawn monster count
 F = Spawn count percentage of total count
 G = Total turns spent on level
                    A         B        C        D         E        F      G
               +---------+---------+-------+---------+---------+-------+---------
         Total |       0 |    9545 |   0.0 |       0 |     321 |   0.0 |  8067
               +---------+---------+-------+---------+---------+-------+---------
           D:1 |       0 |      32 |   0.0 |       0 |      22 |   0.0 |   799
           D:2 |       0 |     113 |   0.0 |       0 |      31 |   0.0 |   705
           D:3 |       0 |    1104 |   0.0 |       0 |      89 |   0.0 |  1547
           D:4 |       0 |     782 |   0.0 |       0 |      13 |   0.0 |   762
           D:5 |       0 |    1070 |   0.0 |       0 |      27 |   0.0 |   442
           D:6 |       0 |     506 |   0.0 |       0 |      20 |   0.0 |   571
           D:7 |       0 |     839 |   0.0 |       0 |      18 |   0.0 |   651
           D:8 |       0 |    2131 |   0.0 |       0 |      44 |   0.0 |  1297
           D:9 |       0 |    2048 |   0.0 |       0 |      36 |   0.0 |   893
          D:10 |       0 |     920 |   0.0 |       0 |      21 |   0.0 |   400
               +---------+---------+-------+---------+---------+-------+---------
